 Dungeon Crawl Stone Soup version 0.31-a0-162-gc4c5a43528 (webtiles) character file.

Game seed: 5387845641072471942

112 qw the Chopper (level 4, -3/28 HPs)
             Began as a Gargoyle Fighter on June 12, 2023.
             Slain by a gnoll
             ... wielding a +0 halberd
              (11 damage)
             ... on level 3 of the Dungeon.
             The game lasted 00:01:07 (1739 turns).

qw the Chopper (Gargoyle Fighter)                   Turns: 1739, Time: 00:01:08

Health: -3/28      AC:  4    Str: 21    XL:     4   Next: 95%
Magic:  4/4        EV: 11    Int:  9    God:
Gold:   105        SH:  4    Dex:  9    Spells: 3/3 levels left

rFire   . . .        Y - +0 war axe
rCold   . . .        c - +0 buckler
rNeg    + . .        (no body armour)
rPois   inf          k - +0 helmet
rElec   +            (no cloak)
rCorr   .            (no gloves)
SInv    .            (no boots)
Will    +....        (no amulet)
Stlth   +            e - ring of willpower
HPRegen 0.24/turn    (no ring)
MPRegen 0.09/turn

%: no passive effects
@: no status effects
A: sickness immunity, AC +3, negative energy resistance 1, electricity
resistance, torment resistance 1, petrification resistance
a: no special abilities


You were on level 3 of the Dungeon.
You visited 1 branch of the dungeon, and saw 3 of its levels.

You collected 105 gold pieces.


Innate Abilities, Weirdness & Mutations

You are immune to sickness and miasma.
Your stone body is resilient. (AC +3)
You are immune to poison.
You resist negative energy. (rN+)
You are resistant to electric shocks. (rElec)
You are resistant to unholy torment.
You are immune to petrification.


   Skills:
 - Level 3.2 Fighting
 - Level 4.2 Axes
 - Level 1.2 Throwing
 - Level 3.2 Armour
 + Level 0.0 Dodging
 - Level 3.2 Shields


You had 3 spell levels left.
You didn't know any spells.
Your spell library was empty.

Inventory:

Hand Weapons
 a - a +0 flail
 h - the +6 hammer of Fate {vamp, rCorr}
   (You found it on level 3 of the Dungeon)

   rCorr:     It protects you from acid and corrosion.
 Y - a +0 war axe (weapon)
Armour
 b - a +0 scale mail
 c - a +0 buckler (worn)
 g - a +0 chain mail
 k - a +0 helmet (worn)
Jewellery
 e - a ring of willpower (left hand)
Scrolls
 o - 2 scrolls of identify
Potions
 d - a potion of might
 f - a potion of curing {unknown}
 i - a potion of degeneration {unknown}
 j - a potion of heal wounds {unknown}

Dungeon Overview and Level Annotations

Branches:
Dungeon (3/15)

Altars:
Makhleb
Uskayaw

Shops:
D:1 [

Annotations:
D:1 exclusion: hobgoblin
D:3 1 runed translucent door, exclusion: gnoll, Crazy Yiuf


Message History

Enter note:
Enter note:
Enter note:
Enter note:
Enter note:
Enter note:
Enter note:
Enter note:
Enter note:
Enter note:
Enter note:
Enter note: A gnoll is nearby!
1731 ||| UPGRADING to +0 chain mail.
You start removing your armour.
You continue taking off your +0 scale mail. x4
You block the gnoll's attack.
You finish taking off your +0 scale mail.
The gnoll closely misses you.
Enter note:
Enter note:
Enter note:
Enter note:
Enter note:
Enter note:
Enter note:
Enter note:
Enter note:
Enter note:
Enter note:
Enter note: You closely miss the gnoll.
The gnoll closely misses you. The gnoll hits you with a +0 halberd!
You slash the gnoll!
The gnoll is almost dead.
The gnoll hits you with a +0 halberd!
You closely miss the gnoll.
The gnoll is almost dead.
The gnoll hits you with a +0 halberd!
You die...

.........#
########.# #.#
#.# #[#
####### #.#
.......##.#
######..#.#
.....#.@..#
.....#g##.#
#.#.._..'. ..#
#.#.....#.##.#
#.#.....#. #.#
#.#######. #.#
#......... ..#
#.######## #.#
#######..##


You could see a gnoll.

Vanquished Creatures
  Robin (D:2)
  2 gnolls (D:3)
  2 adders (D:2)
  An orc (D:3)
  6 bats
  4 endoplasms
  2 giant cockroaches (D:2)
  14 goblins
  6 hobgoblins
  2 jackals (D:1)
  6 kobolds
  6 ball pythons
  2 frilled lizards
  4 rats
58 creatures vanquished.

Notes
Turn   | Place    | Note
-------+----------+-------------------------------------------
     0 | D:1      | qw the Gargoyle Fighter began the quest for the Orb.
     0 | D:1      | Reached XP level 1. HP: 14/14 MP: 1/1
     0 | D:1      | 0 ||| qw: Version: 0.2-a-29-gc1b59c4
     0 | D:1      | 0 ||| qw: Game counter: 4351
     0 | D:1      | 0 ||| qw: Always use a shield: true
     0 | D:1      | 0 ||| qw: God list: Okawaru
     0 | D:1      | 0 ||| qw: Allow faded altars: false
     0 | D:1      | 0 ||| qw: Do Orc after D:15 true
     0 | D:1      | 0 ||| qw: Do second Lair branch before Depths: true
     0 | D:1      | 0 ||| qw: Lair rune preference: random
     0 | D:1      | 0 ||| qw: Plans: Normal, Zot:1-4, Slime:5, God:TSO, Crypt,
                  | Tomb, Abyss, Pan, Hells, Win
     0 | D:1      | 0 ||| PLANNING D:1-11
     8 | D:1      | Noticed a hog
     8 | D:1      | Noticed a komodo dragon
     9 | D:1      | Noticed a rime drake
    13 | D:1      | Noticed a swamp worm
    19 | D:1      | 19 ||| Stepping ~*~*~tactically~*~*~ (stealth).
    25 | D:1      | Reached skill level 2 in Axes
    42 | D:1      | 42 ||| UPGRADING to ring of willpower.
    84 | D:1      | 84 ||| DROPPING +0 whip.
   105 | D:1      | Reached XP level 2. HP: 19/19 MP: 2/2
   196 | D:1      | Found Jacesidgh's Armour Emporium.
   206 | D:1      | 206 ||| SHOPLISTING +0 chain mail (58 gold, have 40).
   206 | D:1      | 206 ||| SHOPLISTING +0 helmet (58 gold, have 40).
   206 | D:1      | 206 ||| SHOPLISTING +1 ring mail of cold resistance (208
                  | gold, have 40).
   242 | D:1      | 242 ||| Stepping ~*~*~tactically~*~*~ (stealth).
   342 | D:1      | Reached skill level 3 in Axes
   501 | D:1      | 501 ||| READING scroll labelled UWIEJE UDAEWN.
   523 | D:2      | Reached XP level 3. HP: 15/23 MP: 3/3
   523 | D:2      | 523 ||| STAIRDANCE
   566 | D:2      | Reached skill level 1 in Throwing
   590 | D:2      | 590 ||| DROPPING +0 whip of holy wrath.
   770 | D:2      | Noticed Robin
   777 | D:2      | Reached XP level 4. HP: 20/28 MP: 4/4
   786 | D:2      | Killed Robin
  1234 | D:2      | 1234 ||| UPGRADING to +0 helmet.
  1239 | D:2      | 1239 ||| DROPPING ring of flight.
  1240 | D:2      | 1240 ||| READING scroll labelled ITOREJ UFOSHYN.
  1241 | D:2      | 1241 ||| READING scroll labelled HOEMIT XIUXEOL.
  1242 | D:2      | 1242 ||| READING 2 scrolls labelled QESOOG YNOTWE.
  1245 | D:2      | 1245 ||| READING scroll labelled TOIKLO OTYTU.
  1246 | D:2      | 1246 ||| READING scroll labelled WAHOFE MEITZ.
  1342 | D:3      | Found a faded altar of an unknown god.
  1362 | D:3      | Found a hide-covered altar of Uskayaw.
  1365 | D:3      | 1365 ||| READING scroll labelled AFEZAV JULACSI.
  1413 | D:3      | Found a burning altar of Makhleb.
  1416 | D:3      | Reached skill level 4 in Axes
  1420 | D:3      | HP: 4/28 [gnoll/+0 flail (6)]
  1421 | D:3      | 1421 ||| READING scroll of teleportation.
  1606 | D:3      | Identified the +6 hammer of Fate {vamp, rCorr}
  1610 | D:3      | Found a runed translucent door.
  1611 | D:3      | Noticed Crazy Yiuf
  1731 | D:3      | 1731 ||| UPGRADING to +0 chain mail.
  1738 | D:3      | HP: 7/28 [gnoll/+0 halberd (9)]
  1739 | D:3      | Slain by a gnoll

Levels and vault maps discovered:
D:1:      onia_arrival_zoo_common, layout_rooms, serial_shops, shop_statue
D:2:      layout_loops_ring, uniq_robin
D:3:      layout_loops_ring, amcnicky_altar_gilded,
          mainiacjoe_overflow_chevrons, dreamdust_ecumenical_altar_statues,
          uniq_crazy_yiuf_cottage

Skill      XL: |  1  2  3  4 |
---------------+-------------+-----
Axes           | 2 3 4 |  4.2
Throwing       | 1 |  1.2
Fighting       | |  3.2
Armour         | |  3.2
Shields        | |  3.2

Action                     |  1- 3 |  4- 6 || total
---------------------------+-------+-------++-------
  Melee: War axe           |    70 |    65 ||   135
  Throw: Javelin           |    26 |     6 ||    32
    Use: Scroll            |     1 |     7 ||     8
 Armour: Scale mail        |    49 |    23 ||    72
  Dodge: Dodged            |    38 |    38 ||    76
  Block: Buckler           |    12 |    15 ||    27

Table legend:
 A = Non-vault XP
 B = Vault XP
 C = Vault XP percentage of total XP
 D = Non-vault monster count
 E = Vault monster count
 F = Vault count percentage of total count
                 A         B        C        D         E       F
            +---------+---------+-------+---------+---------+-------
      Total |     132 |      29 |  18.0 |      50 |       8 |  13.8
            +---------+---------+-------+---------+---------+-------
        D:1 |      35 |       0 |   0.0 |      21 |       0 |   0.0
        D:2 |      53 |      29 |  35.4 |      17 |       8 |  32.0
        D:3 |      44 |       0 |   0.0 |      12 |       0 |   0.0
            +---------+---------+-------+---------+---------+-------
